 Dungeon Crawl Stone Soup version 0.27-a0-1302-g7736ffe575 (webtiles) character file.

Game seed: 12694410731467605592

173 BlueGoblin the Covered (level 5, -2/69 HPs)
             Began as a Minotaur Fighter on June 18, 2021.
             Was a Follower of Cheibriados.
             Slain by a lemure (7 damage)
             ... led by Pikel
             ... on level 4 of the Dungeon.
             The game lasted 00:06:38 (2545 turns).

BlueGoblin the Covered (Minotaur Fighter)           Turns: 2545, Time: 00:06:39

Health: -2/69      AC:  0    Str: 24    XL:     5   Next: 28%
Magic:  0/4        EV: 19    Int:  8    God:    Cheibriados [*.....]
Gold:   106        SH:  0    Dex: 18    Spells: 4/4 levels left

rFire    . . .     SeeInvis .   (weapon currently unavailable)
rCold    . . .     Faith    .   (shield currently unavailable)
rNeg     . . .     Spirit   +   (armour currently unavailable)
rPois    .         Reflect  .   (helmet currently unavailable)
rElec    .         Harm     .   (cloak currently unavailable)
rCorr    .         Rampage  .   (gloves currently unavailable)
Will     .....                  (boots currently unavailable)
Stlth    ..........             m - amulet of guardian spirit
HPRegen  0.21/turn              (ring currently unavailable)
MPRegen  0.09/turn              (ring currently unavailable)

@: berserking, bat-form (expiring), flying, quick
A: fast, flying, no casting, tiny, (horns 2), (retaliatory headbutt)
a: Renounce Religion, Bend Time


You were on level 4 of the Dungeon.
You worshipped Cheibriados.
Cheibriados was aware of your devotion.
You were a bat.
You visited 1 branch of the dungeon, and saw 4 of its levels.

You collected 106 gold pieces.

Inventory:

Hand Weapons
 a - a +0 long sword (melded)
Armour
 b - a +0 scale mail
 c - a +0 kite shield (melded)
 g - a +0 chain mail (melded)
Jewellery
 m - an amulet of guardian spirit (around neck)
Potions
 d - a potion of might
 f - a potion of invisibility
 h - a potion of heal wounds {unknown}
 i - a potion of mutation {unknown}
 j - a potion of flight {unknown}
 l - a potion of magic {unknown}
 n - a potion of degeneration


   Skills:
 + Level 4.2 Fighting
 + Level 3.6 Long Blades
 + Level 4.9 Armour
 + Level 1.5 Dodging
 + Level 4.9 Shields


You had 4 spell levels left.
You didn't know any spells.
Your spell library was empty.

Dungeon Overview and Level Annotations

Branches:
Dungeon (3/15)

Altars:
Cheibriados
Elyvilon
Wu Jian

Shops:
D:1 (

Annotations:
D:4 Pikel


Innate Abilities, Weirdness & Mutations

You are a bat.
You are tiny and dextrous.
You move quickly.
You are flying.
Your equipment is almost entirely melded.
You are incapable of wielding weapons or throwing items.
You cannot cast spells.
((You have a pair of horns on your head.))
((You reflexively headbutt those who attack you in melee.))


Message History

As you read the scroll of identify, it crumbles to dust.
f - a potion of invisibility Pikel zaps a wand.
You resist with some effort.
Pikel zaps a wand.
The now-empty wand crumbles to dust.
Pikel completely misses you. The lemure barely misses you.
Pikel hits you with a +1 whip of flaming.
Pikel burns you. The lemure misses you.
Your transformation is almost over.
The lemure hits you. Pikel closely misses you. The lemure hits you!
The lemure closely misses you.
Pikel hits you with a +1 whip of flaming.
Pikel burns you. The lemure misses you.
You aren't carrying any scrolls.
It was a potion of berserk rage.
A red film seems to cover your vision as you go berserk!
Cheibriados protects you from inadvertent hurry.
You feel mighty! The lemure completely misses you. Pikel closely misses you.
The lemure hits you.
You are too berserk!
You bite the lemure!
The lemure is moderately wounded.
The lemure closely misses you.
Pikel hits you with a +1 whip of flaming!
* * * LOW HITPOINT WARNING * * *
Pikel burns you.
* * * LOW HITPOINT WARNING * * *
The lemure misses you.
You completely miss Pikel.
Pikel is moderately wounded.
The lemure hits you.
* * * LOW HITPOINT WARNING * * *
Pikel barely misses you. The lemure misses you.
Unknown command.
You hit Pikel but do no damage.
Pikel is moderately wounded.
The lemure hits you!
* * * LOW HITPOINT WARNING * * *
Pikel completely misses you. The lemure hits you!
You die...

#.# #5# #5#
#5# #5# #.#
#.#
#.#########
#......55b#
#........5K5#
#############


You could see Pikel and 4 lemures.

Vanquished Creatures
  A howler monkey (D:3)
  7 adders
  A worm (D:3)
  2 dart slugs (D:3)
  6 endoplasms
  3 giant cockroaches (D:2)
  4 goblins
  4 hobgoblins
  9 jackals
  5 kobolds
  2 quokkas
  6 ball pythons
  5 bats
  5 frilled lizards
  7 rats
67 creatures vanquished.

Vanquished Creatures (others)
  A plant (D:1)
1 creature vanquished.

Grand Total: 68 creatures vanquished

Notes
Turn   | Place    | Note
-------+----------+-------------------------------------------
     0 | D:1      | BlueGoblin the Minotaur Fighter began the quest for the
                  | Orb.
     0 | D:1      | Reached XP level 1. HP: 19/19 MP: 0/0
   168 | D:1      | Reached XP level 2. HP: 27/27 MP: 1/1
   331 | D:1      | Found a faded altar of an unknown god.
   689 | D:1      | Found Jucvus's Weapon Emporium.
  1127 | D:2      | Found a snail-covered altar of Cheibriados.
  1134 | D:2      | Reached XP level 3. HP: 32/33 MP: 2/2
  1138 | D:2      | Reached skill level 1 in Dodging
  1221 | D:2      | Became a worshipper of Cheibriados the Contemplative
  1309 | D:2      | Reached XP level 4. HP: 29/40 MP: 3/3
  1728 | D:2      | Reached * piety under Cheibriados
  1964 | D:3      | Found a white marble altar of Elyvilon.
  2272 | D:3      | Reached XP level 5. HP: 38/46 MP: 2/4
  2422 | D:3      | Found an ornate altar of the Wu Jian Council.
  2504 | D:3      | You fall into a shaft and drop 1 floor!
  2504 | D:4      | Noticed a lemure
  2510 | D:4      | Noticed Pikel
  2511 | D:4      | Noticed a lemure
  2513 | D:4      | Noticed a lemure
  2514 | D:4      | Noticed a lemure
  2545 | D:4      | Slain by a lemure

Illustrated notes

Levels and vault maps discovered:
D:1:      dpeg_arrival_tiny_d, layout_basic, serial_forest,
          infiniplex_forest_lined_2, infiniplex_forest_clump_C,
          infiniplex_forest_straight_2, infiniplex_forest_clump_small,
          infiniplex_forest_clump_double, infiniplex_forest_lined_1,
          serial_shops, nicolae_shop_window_shopping,
          ebering_ecumenical_altar_petrified
D:2:      layout_rooms, basic_altar
D:3:      layout_basic, nicolae_overflow_crystal_walls, elyvilon_altar_1,
          amcnicky_mini_pool_small, small_statue_intersection
D:4:      layout_basic, minmay_temple_entry_junction_2, serial_shops, shop,
          serial_rivers, chequers_serial_rivers_micro_e,
          chequers_serial_rivers_micro_c, chequers_serial_rivers_large_a,
          chequers_serial_rivers_micro_e, chequers_serial_rivers_micro_c,
          uniq_pikel

Skill      XL: |  1  2  3  4 |
---------------+-------------+-----
Armour         | 4 |  4.9
Fighting       | 4 |  4.2
Shields        | 4 |  4.9
Dodging        | 1 |  1.5
Long Blades    | 3 |  3.6

Action                   |  1- 3 |  4- 6 || total
-------------------------+-------+-------++-------
Melee: Long sword        |    82 |    83 ||   165
       Headbutt          |    12 |    19 ||    31
       Unarmed           |       |     4 ||     4
  Use: Scroll            |     1 |     2 ||     3
       Potion            |       |     1 ||     1
Armor: Scale mail        |    30 |       ||    30
       Chain mail        |    38 |    29 ||    67
Dodge: Dodged            |    24 |    25 ||    49
Block: Kite shield       |    42 |    42 ||    84
       Rpst.: Long sword |    11 |     4 ||    15

Table legend: (Time is in decaauts)
 A = Elapsed time spent in this place.
 B = Non-inter-level travel time spent in this place.
 C = Inter-level travel time spent in this place.
 D = Time resting spent in this place.
 E = Time spent auto-exploring this place.
 F = Levels seen in this place.
 G = Mean time per level.
                   A        B        C        D        E       F      G
               +--------+--------+--------+--------+--------+-----+--------+
         Total |   2875 |   2804 |     71 |     52 |   2077 |   4 |  718.8 |
       Dungeon |   2875 |   2804 |     71 |     52 |   2077 |   4 |  718.8 |
               +--------+--------+--------+--------+--------+-----+--------+

Top non-repeatable levels by time:
     D:1: 1155 daAuts
     D:2: 977 daAuts
     D:3: 699 daAuts
     D:4: 43 daAuts
